 Dungeon Crawl Stone Soup version 0.25.1-8-g42b30a86e7 (webtiles) character file.

Game seed: 5050291287230409990

67 Clowwww the Skirmisher (level 4, 28/35 HPs)
             Began as a Demonspawn Fighter on Dec 9, 2020.
             Quit the game on level 2 of the Dungeon.
             The game lasted 00:02:44 (1338 turns).

Clowwww the Skirmisher (Demonspawn Fighter)         Turns: 1338, Time: 00:02:45

Health: 28/35      AC:  9    Str: 17    XL:     4   Next: 0%
Magic:  4/4        EV:  7    Int:  9    God:
Gold:   99         SH:  9    Dex: 13    Spells: 3/3 levels left

rFire    . . .     SeeInvis .   a - +0 war axe
rCold    . . .     Gourm    .   c - +0 kite shield
rNeg     . . .     Faith    .   b - +0 scale mail
rPois    .         Spirit   .   (helmet restricted)
rElec    .         Reflect  .   (no cloak)
rCorr    .         Harm     .   (no gloves)
MR       .....                  (no boots)
Stlth    ..........             (no amulet)
HPRegen  0.11/turn              (no ring)
MPRegen  0.09/turn              (no ring)

@: no status effects
A: horns 1, thin metallic scales 2
a: no special abilities


You were on level 2 of the Dungeon.
You were not hungry.

You visited 1 branch of the dungeon, and saw 2 of its levels.

You collected 99 gold pieces.

Inventory:

Hand Weapons
 a - a +0 war axe (weapon)
Missiles
 l - 7 boomerangs (quivered)
Armour
 b - a +0 scale mail (worn)
 c - a +0 kite shield (worn)
Jewellery
 o - an uncursed ring of fire {unknown}
 q - an uncursed amulet of faith {unknown}
 s - an uncursed amulet of magic regeneration {unknown}
Scrolls
 g - a scroll of identify {unknown}
 h - a scroll of amnesia {unknown}
 j - a scroll of remove curse {unknown}
 n - 2 scrolls of enchant armour {unknown}
Potions
 d - a potion of might
 e - a potion of stabbing {unknown}
 i - a potion of resistance {unknown}
 k - a potion of haste {unknown}
 m - 2 potions of magic {unknown}
 p - a potion of heal wounds {unknown}
 r - a potion of curing {unknown}
Comestibles
 f - 4 rations
 t - a chunk of flesh


   Skills:
 + Level 3.3 Fighting
 + Level 2.5 Axes
 + Level 0.7 Throwing
 + Level 3.2 Armour
 + Level 0.1 Dodging
 + Level 3.1 Shields


You had 3 spell levels left.
You didn't know any spells.
Your spell library contained the following spells:

 Spells                   Type           Power        Failure   Level  Hunger
 Animate Skeleton         Necr           N/A          99%         1    ##.....
 Apportation              Tloc           #.....       99%         1    ##.....
 Corona                   Hex            #......      99%         1    ##.....
 Summon Small Mammal      Summ           #...         99%         1    ##.....


Dungeon Overview and Level Annotations

Branches:
Dungeon (2/15)

Altars:


Innate Abilities, Weirdness & Mutations

You have a pair of small horns on your head.
You are mostly covered in thin metallic scales. (AC +3)


Message History

Your shield prevents you from hitting the worm.
The worm is moderately wounded.
The worm bites you.
You hit the worm.
The worm is moderately wounded.
Your shield and scale mail prevent you from hitting the worm.
The worm is moderately wounded.
The worm bites you but does no damage.
Your shield and scale mail prevent you from hitting the worm.
The worm is moderately wounded.
The worm barely misses you.
You slash the worm!
The worm is severely wounded.
The worm bites you.
You slash the worm!
You kill the worm!
You have reached level 4!
You feel agile.
Your demonic ancestry asserts itself...
A pair of horns grows on your head!
Are you sure you want to abandon this character and quit the game? (Confirm with "yes".)

#.# #............. #.#
#########+####
##.####### ##..$##
#........###.....##
#..#.###.##.......##
####.#...##.#.........#
............+.........+
####..[..##.#....<....#
#..#[###.##..@....#
#........###...).##
##.####### ##...## #.#
##...## #.#
######.....## #.#
#.......†...# #.#
#.####.......... #.#
#.# ##....##### #.# #.#
#.....#


There were no monsters in sight!

Vanquished Creatures
  2 adders (D:2)
  An ooze (D:1)
  A worm (D:2)
  2 dart slugs
  A leopard gecko (D:1)
  A ball python (D:2)
  5 bats
  2 giant cockroaches
  4 goblins
  6 hobgoblins
  A quokka (D:2)
  2 frilled lizards
  6 kobolds
  2 rats
36 creatures vanquished.

Notes
Turn   | Place    | Note
-------+----------+-------------------------------------------
     0 | D:1      | Clowwww the Demonspawn Fighter began the quest for the Orb.
     0 | D:1      | Reached XP level 1. HP: 18/18 MP: 1/1
   126 | D:1      | Gained mutation: You are partially covered in thin metallic
                  | scales. (AC +2) [demonic ancestry]
   126 | D:1      | Reached XP level 2. HP: 24/24 MP: 2/2
   524 | D:1      | Gained mutation: You are mostly covered in thin metallic
                  | scales. (AC +3) [demonic ancestry]
   524 | D:1      | Reached XP level 3. HP: 29/29 MP: 3/3
   911 | D:2      | Found a faded altar of an unknown god.
  1337 | D:2      | Gained mutation: You have a pair of small horns on your
                  | head. [demonic ancestry]
  1337 | D:2      | Reached XP level 4. HP: 27/35 MP: 4/4
  1338 | D:2      | Quit the game

Illustrated notes

Levels and vault maps discovered:
D:1:      dpeg_arrival_tiny_a, layout_loops_cross, corner_web_ring,
          minmay_tiny_reverse_x
D:2:      layout_loops_corners, chequers_ecumenical_altar_island

Skill      XL: |  1  2 |
---------------+-------+-----
Axes           | 2 |  2.5
Shields        | 3 |  3.1
Armour         | 3 |  3.2
Fighting       | |  3.3
Throwing       | |  0.7
Dodging        | |  0.1

Action                   |  1- 3 |  4- 6 || total
-------------------------+-------+-------++-------
Melee: War axe           |   111 |       ||   111
Throw: Boomerang         |    20 |       ||    20
  Eat: Chunk             |     2 |       ||     2
Armor: Scale mail        |    61 |       ||    61
Dodge: Dodged            |    44 |       ||    44
Block: Kite shield       |    64 |       ||    64
